 Dungeon Crawl Stone Soup version 0.22.1-1-ga44c0e56f4 (webtiles) character file.

356 Kaderl the Slasher (level 6, -5/48 HPs)
             Began as a Human Monk on Oct 21, 2018.
             Killed by nerve-wracking pain
             ... invoked by an orc priest
              (13 damage)
             ... on level 4 of the Dungeon.
             The game lasted 00:14:16 (3926 turns).

Kaderl the Slasher (Human Monk)                     Turns: 3926, Time: 00:14:17

Health: -5/48      AC:  6    Str: 13    XL:     6   Next: 96%
Magic:  6/6        EV: 13    Int: 10    God:
Gold:   226        SH:  0    Dex: 16    Spells: 5/5 levels left

rFire    . . .     SeeInvis .   a - +0 falchion
rCold    . . .     Gourm    .   (no shield)
rNeg     . . .     Faith    .   f - +0 ring mail
rPois    .         Spirit   .   (no helmet)
rElec    .         Reflect  .   (no cloak)
rCorr    .         Harm     .   (no gloves)
MR       .....                  b - +0 pair of boots
Stlth    ++........             (no amulet)
HPRegen  0.16/turn              (no ring)
MPRegen  0.10/turn              (no ring)

@: no status effects
A: no striking features
a: no special abilities


You were on level 4 of the Dungeon.
You were not hungry.

You visited 1 branch of the dungeon, and saw 4 of its levels.

You collected 226 gold pieces.

Inventory:

Hand Weapons
 a - a +0 falchion (weapon)
Armour
 b - a +0 pair of boots (worn)
 f - a +0 ring mail (worn)
Jewellery
 c - a +1 ring of evasion {unknown}
Scrolls
 g - a scroll of fear {unknown}
 h - 2 scrolls of remove curse {unknown}
 i - 4 scrolls of identify
 l - a scroll of amnesia {unknown}
Potions
 d - a potion of magic
 e - a potion of flight {unknown}
 j - a potion of curing {unknown}
Comestibles
 k - 2 rations


   Skills:
 + Level 3.7 Fighting
 + Level 5.1 Long Blades
 + Level 2.6 Armour
 + Level 4.1 Dodging
 + Level 2.6 Stealth


You had 5 spell levels left.
You didn't know any spells.
Your spell library was empty.

Dungeon Overview and Level Annotations

Branches:
Dungeon (4/15)
 Temple: D:4-7

Altars:


Message History

You hit the orc priest but do no damage.
The orc priest is almost dead.
The orc hits you with an enchanted flail.
The orc priest barely misses you.
You hit the orc priest.
The orc priest is almost dead.
The orc closely misses you.
The orc priest invokes the aid of Beogh against you.
Beogh smites you!
* * * LOW HITPOINT WARNING * * *
The orc priest calls upon Beogh to heal the orc priest.
The orc priest is healed somewhat.
You closely miss the orc priest.
The orc priest is heavily wounded.
The orc hits you but does no damage.
You hit the orc priest.
The orc priest is heavily wounded.
The orc priest calls down the wrath of Beogh upon you.
Pain shoots through your body!
You die...

......## .......###
....... .........##
....... ..........#
......# .........(#
.....# .......(..##
....# ...........#
....# ...........#
##o.# ...........##
##@o#
............###.o##
............##.(##
............#..##
...........#..##
..........#..##
........##..##
#......##..##
##....##..##


You could see 2 orc priests and an orc.

Vanquished Creatures
  Blork the orc (D:4)
  A gnoll shaman (D:4)
  An orc priest (D:3)
  A worker ant (D:4)
  A hound skeleton (D:4)
  4 gnolls (D:3)
  3 adders
  A worm (D:2)
  3 dart slugs
  2 leopard geckos (D:3)
  15 orcs
  4 giant cockroaches
  9 goblins
  6 hobgoblins
  11 jackals
  A quokka (D:2)
  3 ball pythons
  12 bats
  4 frilled lizards
  12 kobolds
  4 rats
99 creatures vanquished.

Notes
Turn   | Place    | Note
-------+----------+-------------------------------------------
     0 | D:1      | Kaderl the Human Monk began the quest for the Orb.
     0 | D:1      | Reached XP level 1. HP: 18/18 MP: 1/1
    90 | D:1      | Reached XP level 2. HP: 23/24 MP: 2/2
   490 | D:1      | Reached XP level 3. HP: 28/29 MP: 3/3
  1225 | D:2      | Reached XP level 4. HP: 29/35 MP: 4/4
  1560 | D:3      | Reached skill level 4 in Long Blades
  1692 | D:3      | Reached skill level 1 in Armour
  1716 | D:3      | Reached XP level 5. HP: 36/41 MP: 5/5
  1914 | D:3      | Found a faded altar of an unknown god.
  2006 | D:4      | HP: 2/41 [gnoll shaman/club (7)]
  2328 | D:3      | Reached XP level 6. HP: 36/47 MP: 6/6
  2802 | D:4      | Noticed Blork the orc
  3445 | D:4      | Killed Blork the orc
  3445 | D:4      | Reached skill level 5 in Long Blades
  3926 | D:4      | Killed from afar by an orc priest

Skill      XL: |  1  2  3  4  5  6 |
---------------+-------------------+-----
Long Blades    | 4 5 |  5.1
Armour         | 1 2 |  2.6
Dodging        | 4 |  4.1
Fighting       | |  3.7
Stealth        | |  2.6

Action                   |  1- 3 |  4- 6 || total
-------------------------+-------+-------++-------
Melee: Falchion          |   111 |   266 ||   377
  Use: Scroll            |     1 |     3 ||     4
       Potion            |       |     2 ||     2
 Stab: Sleeping          |     1 |     6 ||     7
  Eat: Ration            |     1 |     2 ||     3
Armor: Ring mail         |    36 |    92 ||   128
       Robe              |     1 |       ||     1
       Skin              |       |     5 ||     5
Dodge: Dodged            |    96 |   196 ||   292
       Rpst.: Falchion   |    37 |    51 ||    88
